[Event "Titled Tuesday Blitz November 14 Early 2023"]
[White "Ardila, Oscar Humberto"]
[Black "Aash20"]
[WhiteFideId "4404742"]
[WhiteElo "2324"]
[BlackElo "2464"]
[Result "0-1"]
[Round "6"]
[TimeControl "180+1"]
[Date "2023.11.14"]
[WhiteClock "0:00:04"]
[BlackClock "0:02:24"]
[Board "149"]

1. d4 d5 2. c4 c6 3. Nc3 dxc4 4. a4 e5 5. dxe5 Qxd1+ 6. Kxd1 Be6 7. f4 Na6 8. Nf3 O-O-O+ 9. Bd2 Nc5 10. e3 Nb3 11. Ra2 Bg4 12. Nb1 Bxf3+ 13. gxf3 Bb4 14. Bxc4 Nxd2 15. Bxf7 Nxb1+ 16. Kc2 Nd2 17. Rd1 Nh6 18. Be6+ Kc7 0-1


[Site "https://www.chess.com"]

[Event "Titled Tuesday Blitz November 14 Early 2023"]
[White "Rodriguez Santiago, Jaime"]
[Black "lagunanivaria"]
[WhiteFideId "3100898"]
[WhiteElo "2268"]
[BlackElo "2460"]
[Result "1-0"]
[Round "6"]
[TimeControl "180+1"]
[Date "2023.11.14"]
[WhiteClock "0:00:13"]
[BlackClock "0:00:00"]
[Board "150"]

1. c4 c5 2. Nc3 Nc6 3. g3 e6 4. Bg2 Nf6 5. e4 Be7 6. Nge2 O-O 7. O-O e5 8. h3 d6 9. d3 Nd4 10. Nxd4 cxd4 11. Ne2 Rb8 12. a4 a6 13. b4 b5 14. cxb5 axb5 15. a5 d5 16. f4 exf4 17. Bxf4 Ra8 18. e5 Ne8 19. Qb3 Nc7 20. Nxd4 Bd7 21. Kh2 Ne6 22. Ne2 Bc6 23. Rfc1 Bb7 24. Rc2 f6 25. Rac1 Kh8 26. Qb2 Qd7 27. Nd4 Nxf4 28. gxf4 fxe5 29. fxe5 Rac8 30. Nf3 Rxc2 31. Rxc2 d4 32. Qxd4 Qe6 33. Ng1 Bxg2 34. Rxg2 h5 35. Ne2 Rf5 36. Nf4 Qf7 37. Ng6+ Kh7 38. Nxe7 Qxe7 39. Qe4 g6 40. d4 Qxb4 41. e6 Qd6+ 42. Kg1 Qe7 43. d5 Rf8 44. Rd2 1-0


[Site "https://www.chess.com"]

[Event "Titled Tuesday Blitz November 14 Early 2023"]
[White "Witty_Alien"]
[Black "WindWhistler11"]
[WhiteElo "2267"]
[BlackElo "2452"]
[Result "0-1"]
[Round "6"]
[TimeControl "180+1"]
[Date "2023.11.14"]
[WhiteClock "0:00:00"]
[BlackClock "0:00:50"]
[Board "151"]

1. e4 e6 2. d4 d5 3. exd5 exd5 4. c4 Nf6 5. Nf3 Nc6 6. Nc3 Bb4 7. Bd3 Bg4 8. O-O O-O 9. Bg5 dxc4 10. Bxc4 Be7 11. Re1 h6 12. Bh4 Bxf3 13. Qxf3 Qxd4 14. Bxf6 Qxf6 15. Qh5 Bd6 16. Ne4 Qe5 17. Qh3 Rae8 18. Re3 Qxb2 19. Rae1 Bb4 20. Nf6+ Qxf6 21. Rxe8 Bxe1 22. Rxe1 Ne5 23. Bb3 Re8 24. Kh1 Qxf2 25. Rg1 Qe2 26. Qh4 Ng4 27. h3 Nf2+ 28. Kh2 Ne4 29. Kh1 Qd2 30. Kh2 Qd6+ 31. Kh1 Ng3+ 32. Kh2 Nf5+ 33. Qf4 Qxf4+ 0-1


[Site "https://www.chess.com"]

[Event "Titled Tuesday Blitz November 14 Early 2023"]
[White "Skibbe, Willi"]
[Black "Joie, Sebastien"]
[WhiteFideId "4682190"]
[BlackFideId "650420"]
[WhiteElo "2246"]
[BlackElo "2448"]
[Result "0-1"]
[Round "6"]
[TimeControl "180+1"]
[Date "2023.11.14"]
[WhiteClock "0:00:00"]
[BlackClock "0:00:10"]
[Board "152"]

1. e4 c5 2. c3 d5 3. exd5 Qxd5 4. Nf3 Nc6 5. Na3 Nf6 6. Be2 Bg4 7. d4 cxd4 8. Nb5 O-O-O 9. Nbxd4 Nxd4 10. Qxd4 Bxf3 11. Bxf3 Qxd4 12. cxd4 Rxd4 13. Be3 Rb4 14. Rc1+ Kb8 15. a3 Ra4 16. b3 Ra6 17. Bf4+ e5 18. Bxe5+ Bd6 19. Bxd6+ Rxd6 20. O-O Rd3 21. Rb1 Rc8 22. Rfe1 Rc7 23. h3 g5 24. Re5 h6 25. Rf5 Ne8 26. Re1 Ng7 27. Rb5 a6 28. Rb6 Ne6 29. a4 Ka7 30. a5 Nd4 31. Bd5 Rd2 32. Bc4 Nc6 33. b4 Rd4 34. Bf1 Rxb4 35. Rxb4 Nxb4 36. Re8 Rc6 37. Re7 Rf6 38. g3 Nc6 39. Rc7 Nxa5 40. Bg2 Kb6 41. Re7 Nc6 42. Rd7 a5 43. Bd5 Ne5 44. Re7 Nc6 0-1


[Site "https://www.chess.com"]

[Event "Titled Tuesday Blitz November 14 Early 2023"]
[White "Valy02chess"]
[Black "Jesseinkman"]
[WhiteElo "2224"]
[BlackElo "2446"]
[Result "0-1"]
[Round "6"]
[TimeControl "180+1"]
[Date "2023.11.14"]
[WhiteClock "0:00:03"]
[BlackClock "0:00:13"]
[Board "153"]

1. Nf3 Nf6 2. g3 d5 3. Bg2 e6 4. O-O Be7 5. c4 O-O 6. d4 Nbd7 7. Qc2 c6 8. Nbd2 Re8 9. e4 dxe4 10. Nxe4 Nxe4 11. Qxe4 c5 12. Rd1 Nf6 13. Qc2 Qb6 14. Bf4 cxd4 15. Nxd4 Bd7 16. a3 a5 17. Rac1 Rac8 18. Qb3 Qxb3 19. Nxb3 Ba4 20. Rd3 b5 21. Nxa5 bxc4 22. Rxc4 Bb5 23. Rxc8 Rxc8 24. Rc3 Rxc3 25. bxc3 Bxa3 26. c4 Ba4 27. Nb7 Nd7 28. Be3 Nb8 29. c5 Bc6 30. Na5 Bxg2 31. Kxg2 Bb4 32. Nc4 Nc6 33. Kf3 Kf8 34. Ke4 Ke7 35. f4 Kd7 36. Ne5+ Nxe5 37. Kxe5 Kc6 38. f5 Bxc5 39. Bxc5 Kxc5 40. fxe6 f6+ 41. Kf5 Kd6 42. g4 Ke7 43. g5 g6+ 44. Ke4 Kxe6 45. gxf6 Kxf6 46. Kf4 h6 47. Kg4 Ke5 48. h3 Ke4 49. h4 Ke3 50. Kg3 h5 51. Kh3 Kf3 52. Kh2 Kg4 0-1


[Site "https://www.chess.com"]

[Event "Titled Tuesday Blitz November 14 Early 2023"]
[White "Akylbekov, Nasyr"]
[Black "Mikhalsky, Vladimir"]
[WhiteFideId "13800353"]
[BlackFideId "14144352"]
[WhiteElo "2437"]
[BlackElo "2443"]
[Result "1-0"]
[Round "6"]
[TimeControl "180+1"]
[Date "2023.11.14"]
[WhiteClock "0:01:08"]
[BlackClock "0:00:00"]
[Board "154"]

1. e4 g6 2. d4 Bg7 3. Nc3 d6 4. Be2 Nd7 5. f4 c5 6. Be3 cxd4 7. Bxd4 e5 8. fxe5 dxe5 9. Be3 Ngf6 10. Qd6 Bf8 11. Qd2 Bc5 12. O-O-O Bxe3 13. Qxe3 O-O 14. h4 h5 15. Nf3 Ng4 16. Qg1 Qb6 17. Qxb6 Nxb6 18. Rd6 Bd7 19. Ng5 f6 20. Bxg4 Bxg4 21. Ne6 Rf7 22. Nc5 Rc8 23. Nd3 Nc4 24. Rd5 Be6 25. Rc5 Rfc7 26. Rxc7 Rxc7 27. Nb5 Rc6 28. b3 Ne3 29. c4 a6 30. Nc3 Nxg2 31. Kd2 Rd6 32. Nd5 Kg7 33. Ke2 b5 34. c5 Rd8 35. c6 Nf4+ 36. N3xf4 exf4 37. Nxf4 Bg4+ 38. Ke3 Rc8 39. Rc1 g5 40. Ng2 Bh3 41. Ne1 Kf7 42. Nd3 gxh4 43. Nf4 Bg4 44. Nd5 h3 45. Kf4 h2 46. c7 Ke6 47. Kg3 1-0


[Site "https://www.chess.com"]

[Event "Titled Tuesday Blitz November 14 Early 2023"]
[White "Thake, Conrad"]
[Black "Ghosh, Chanchal Kumer"]
[WhiteFideId "5602947"]
[BlackFideId "10201858"]
[WhiteElo "1903"]
[BlackElo "2136"]
[Result "0-1"]
[Round "6"]
[TimeControl "180+1"]
[Date "2023.11.14"]
[WhiteClock "0:00:00"]
[BlackClock "0:00:02"]
[Board "155"]

1. e4 c5 2. Nf3 d6 3. d4 cxd4 4. Nxd4 Nf6 5. Nc3 a6 6. Be3 e6 7. Be2 Be7 8. O-O O-O 9. f4 b6 10. Bf3 Bb7 11. Qe2 Qc7 12. Rad1 Nbd7 13. Kh1 Nc5 14. Bc1 b5 15. g4 b4 16. g5 bxc3 17. gxf6 cxb2 18. Bxb2 Bxf6 19. Rg1 Qb6 20. Rb1 Na4 21. Ba1 Qc7 22. Qg2 g6 23. f5 exf5 24. Nxf5 Bxa1 25. Rxa1 Rfe8 26. Qg5 Qd8 27. Qh6 Qf6 28. Rae1 Re5 29. Qf4 Rxf5 30. exf5 Bxf3+ 31. Qxf3 Rc8 32. Qb7 Rxc2 33. fxg6 hxg6 34. Qb8+ Kg7 35. Qb3 Qf5 0-1


[Site "https://www.chess.com"]

[Event "Titled Tuesday Blitz November 14 Early 2023"]
[White "Lehtosaari, Mauri"]
[Black "Politov, Pavel Y."]
[WhiteFideId "501999"]
[BlackFideId "24110515"]
[WhiteElo "2514"]
[BlackElo "2114"]
[Result "1-0"]
[Round "6"]
[TimeControl "180+1"]
[Date "2023.11.14"]
[WhiteClock "0:00:15"]
[BlackClock "0:00:09"]
[Board "156"]

1. d4 d5 2. Nf3 Nf6 3. Bg5 Ne4 4. Bf4 c5 5. e3 Nc6 6. c3 Qb6 7. Qb3 c4 8. Qxb6 axb6 9. Nfd2 Nxd2 10. Nxd2 b5 11. e4 e6 12. Be2 b4 13. Bf3 bxc3 14. bxc3 Ra5 15. a4 Kd8 16. O-O Be7 17. Rfb1 g5 18. Bg3 h5 19. h3 h4 20. Bh2 Bf6 21. Rb5 Rxb5 22. axb5 Nxd4 23. cxd4 Bxd4 24. Rd1 c3 25. Nb3 e5 26. Nxd4 exd4 27. Rxd4 c2 28. Rxd5+ Bd7 29. Rc5 Bxb5 30. Rxc2 Bc6 31. Be5 Rh6 32. Bd4 Ke7 33. e5 Bxf3 34. gxf3 Rc6 35. Rb2 Rc1+ 36. Kg2 Rc7 37. Be3 Ke6 38. Bxg5 Kxe5 39. Bxh4 f5 40. Bg3+ f4 41. Rb5+ Kd4 42. Bxf4 Rg7+ 43. Bg3 Kc4 44. Rb6 Kc5 45. Rb1 Kc4 46. f4 b5 47. f5 b4 48. Kf3 Rf7 49. Ke4 b3 50. Be5 Re7 51. f6 Rf7 52. Kf5 Kb4 53. f4 Ka3 54. Kg6 Ka2 55. Rb2+ Ka3 56. Kxf7 Ka4 57. Rxb3 Kxb3 58. Ke6 Kc4 59. f7 Kc5 60. f8=Q+ Kc4 61. Qd6 Kb3 62. Qd4 Kc2 63. Qe3 Kb1 64. Qf2 Kc1 65. Bc3 Kd1 66. Qd2# 1-0


[Site "https://www.chess.com"]

[Event "Titled Tuesday Blitz November 14 Early 2023"]
[White "Osmak, Yuliia"]
[Black "Kornyukov, Alexey"]
[WhiteFideId "14101602"]
[BlackFideId "4150457"]
[WhiteElo "2512"]
[BlackElo "2343"]
[Result "1-0"]
[Round "6"]
[TimeControl "180+1"]
[Date "2023.11.14"]
[WhiteClock "0:00:12"]
[BlackClock "0:00:00"]
[Board "157"]

1. e4 c5 2. Nf3 Nc6 3. Bb5 g6 4. O-O Bg7 5. Re1 e5 6. Nc3 d6 7. a3 Ne7 8. d3 O-O 9. h3 Be6 10. Ng5 Bd7 11. Bc4 h6 12. Nf3 Nd4 13. Nxd4 cxd4 14. Ne2 Be6 15. Bxe6 fxe6 16. f4 Qd7 17. fxe5 dxe5 18. Kh1 g5 19. Ng1 Ng6 20. Nf3 Nf4 21. Bxf4 Rxf4 22. Qd2 Raf8 23. Rf1 Qf7 24. Qe2 Qh5 25. Kg1 g4 26. Nh2 Rxf1+ 27. Rxf1 Rxf1+ 28. Nxf1 Qg5 29. Qxg4 Qxg4 30. hxg4 Kf7 31. Nh2 Kg6 32. Nf3 Bf6 33. Kf2 b5 34. Ke2 a5 35. c3 dxc3 36. bxc3 a4 37. Kd2 Be7 38. Nxe5+ Kg5 39. Nf3+ Kxg4 40. Nd4 Bxa3 41. Nxb5 Bb2 42. Kc2 a3 43. Nd4 e5 44. Nf5 h5 45. c4 Kg5 46. c5 Kf6 47. Ng3 Bd4 48. Kb3 Bxc5 49. Nxh5+ Kg5 50. Ng3 Kf4 51. Nf5 Bf8 52. Ka2 Bc5 53. Kb3 Bf8 54. Nh4 Kg4 55. Ng6 Bd6 56. Nxe5+ Bxe5 57. Kxa3 Kg3 58. Kb4 Kxg2 59. Kc4 Kf3 60. Kd5 Bb8 61. e5 Kf4 62. e6 1-0


[Site "https://www.chess.com"]

[Event "Titled Tuesday Blitz November 14 Early 2023"]
[White "ploxoi"]
[Black "patzersame"]
[WhiteElo "2453"]
[BlackElo "2326"]
[Result "1-0"]
[Round "6"]
[TimeControl "180+1"]
[Date "2023.11.14"]
[WhiteClock "0:01:47"]
[BlackClock "0:00:00"]
[Board "158"]

1. d4 d5 2. c4 e6 3. Nf3 Nf6 4. g3 Be7 5. Bg2 O-O 6. O-O c6 7. Qc2 Ne4 8. Nbd2 f5 9. Ne5 Nd7 10. Nd3 Nxd2 11. Bxd2 Nf6 12. Bf4 Bd7 13. b4 Ne4 14. a4 a5 15. b5 Bf6 16. e3 Rc8 17. bxc6 bxc6 18. Rfc1 c5 19. Be5 dxc4 20. Qxc4 cxd4 21. Qxd4 Bxe5 22. Nxe5 Rxc1+ 23. Rxc1 Nf6 24. Rd1 Qe7 25. Nxd7 Nxd7 26. Qxd7 Qb4 27. Qxe6+ Kh8 28. Rd4 Qb3 29. Bd5 Qd1+ 30. Kg2 f4 31. Rxd1 1-0


[Site "https://www.chess.com"]

[Event "Titled Tuesday Blitz November 14 Early 2023"]
[White "VOneChess"]
[Black "Davidson, Kevin"]
[BlackFideId "2056810"]
[WhiteElo "2323"]
[BlackElo "2433"]
[Result "1/2-1/2"]
[Round "6"]
[TimeControl "180+1"]
[Date "2023.11.14"]
[WhiteClock "0:00:02"]
[BlackClock "0:00:04"]
[Board "159"]

1. e4 c5 2. Nf3 d6 3. d4 cxd4 4. Nxd4 Nf6 5. Nc3 a6 6. Bg5 e6 7. f4 Be7 8. Qf3 h6 9. Bh4 Qc7 10. O-O-O Nbd7 11. g4 g5 12. e5 gxh4 13. exf6 Nxf6 14. Bg2 Rg8 15. Rhe1 Rxg4 16. Bh3 h5 17. Bxg4 hxg4 18. Qf2 Nh5 19. Nf5 Qc5 20. Qxc5 dxc5 21. Nxe7 Kxe7 22. f5 Nf6 23. Na4 Bd7 24. Nxc5 Rc8 25. fxe6 Bxe6 26. Nxb7 g3 27. hxg3 hxg3 28. Nd6 Rg8 29. Nf5+ Ke8 30. Ne3 Rg5 31. Rg1 Ne4 32. Rde1 f5 33. Nf1 Kf7 34. Re3 Kf6 35. Nxg3 Nxg3 36. Rexg3 Rxg3 37. Rxg3 f4 38. Rf3 Ke5 39. Kd2 Ke4 40. Rf2 Bxa2 41. b3 a5 42. Kc3 a4 43. bxa4 Bd5 44. Kd2 f3 45. c3 Bc4 46. a5 Ba6 47. Kc2 Ke3 48. Rxf3+ Kxf3 49. Kb3 Ke4 50. Kb4 Kd5 51. Kb3 Kc5 52. Ka4 Bb5+ 53. Kb3 Ba6 54. c4 Bxc4+ 55. Kc3 Ba6 56. Kb3 Kb5 57. Kb2 Kxa5 1/2-1/2


[Site "https://www.chess.com"]

[Event "Titled Tuesday Blitz November 14 Early 2023"]
[White "Estrada Nieto, Julian"]
[Black "Cardozo Munar, Carlos Eduardo"]
[WhiteFideId "5101018"]
[BlackFideId "4409477"]
[WhiteElo "2430"]
[BlackElo "2276"]
[Result "1-0"]
[Round "6"]
[TimeControl "180+1"]
[Date "2023.11.14"]
[WhiteClock "0:01:40"]
[BlackClock "0:00:00"]
[Board "160"]

1. e4 e6 2. d4 d5 3. Nd2 c5 4. exd5 Qxd5 5. Ngf3 cxd4 6. Bc4 Qd7 7. O-O Nc6 8. Nb3 Nf6 9. Nbxd4 Nxd4 10. Nxd4 a6 11. Bb3 Bd6 12. c3 O-O 13. Re1 b5 14. Qf3 Bb7 15. Qh3 e5 16. Nf5 Bc7 17. Bg5 Be4 18. Rxe4 Nxe4 19. Nh6+ gxh6 20. Qxd7 Bb6 21. Bxh6 Bxf2+ 22. Kf1 1-0


[Site "https://www.chess.com"]

[Event "Titled Tuesday Blitz November 14 Early 2023"]
[White "alfianasybullina"]
[Black "Friedland, Moshe"]
[BlackFideId "2812843"]
[WhiteElo "2271"]
[BlackElo "2396"]
[Result "1-0"]
[Round "6"]
[TimeControl "180+1"]
[Date "2023.11.14"]
[WhiteClock "0:00:39"]
[BlackClock "0:00:02"]
[Board "161"]

1. d4 Nf6 2. Nf3 c5 3. c3 cxd4 4. cxd4 d5 5. Nc3 Nc6 6. Bf4 a6 7. Qc2 g6 8. e3 Bf5 9. Qb3 Na5 10. Qa4+ Bd7 11. Qd1 Bg4 12. Be2 Rc8 13. O-O Bxf3 14. Bxf3 Nc4 15. Qe2 Bg7 16. b3 Na5 17. Rac1 e6 18. Na4 O-O 19. Qd2 Nc6 20. Nc5 Qe7 21. Rc2 e5 22. dxe5 Nxe5 23. Bxe5 Qxe5 24. Nxb7 Ne4 25. Bxe4 dxe4 26. h3 h5 27. Rfc1 Rxc2 28. Qxc2 Rb8 29. Qc7 Qxc7 30. Rxc7 Be5 31. Re7 Bf6 32. Rc7 Be5 33. Rd7 Rc8 34. Rd8+ Rxd8 35. Nxd8 Kf8 36. Nc6 Bd6 37. Kf1 Ke8 38. Ke2 Kd7 39. Nd4 Be5 40. Kd2 f5 41. b4 h4 42. Nb3 Kc6 43. a4 Bd6 44. Nd4+ Kd5 45. Kc3 f4 46. Nc2 g5 47. exf4 gxf4 48. b5 Be5+ 49. Kb4 axb5 50. Kxb5 Bc7 51. a5 Bxa5 52. Kxa5 Kc4 53. Kb6 Kd3 54. Kc5 Kxc2 55. Kd4 Kd2 56. Kxe4 Ke2 57. f3 Kf2 58. Kxf4 Kxg2 59. Kg4 Kf2 60. f4 1-0


[Site "https://www.chess.com"]

[Event "Titled Tuesday Blitz November 14 Early 2023"]
[White "Azali, Tannaz"]
[Black "parintele_chess"]
[WhiteFideId "12537721"]
[WhiteElo "2386"]
[BlackElo "2239"]
[Result "1-0"]
[Round "6"]
[TimeControl "180+1"]
[Date "2023.11.14"]
[WhiteClock "0:00:50"]
[BlackClock "0:00:03"]
[Board "162"]

1. d4 d5 2. c4 e6 3. Nc3 c5 4. cxd5 exd5 5. Nf3 Nc6 6. g3 Nf6 7. Bg2 cxd4 8. Nxd4 Bc5 9. Nxc6 bxc6 10. O-O O-O 11. Na4 Bb6 12. Nxb6 axb6 13. b4 Qe7 14. a3 Ba6 15. Re1 Rad8 16. Bb2 c5 17. bxc5 bxc5 18. Rc1 d4 19. Qa4 Bxe2 20. Bf3 d3 21. Bxe2 d2 22. Qc4 dxc1=Q 23. Rxc1 Rd2 24. Bxf6 Qxf6 25. Rc2 Rxc2 26. Qxc2 Qa1+ 27. Kg2 Qxa3 28. Qd2 Qb4 29. Qd5 g6 30. Bc4 Kg7 31. h4 h5 32. g4 hxg4 33. h5 Qc3 34. hxg6 Kxg6 35. Bd3+ Kg7 36. Qg5+ Kh8 37. Qh6+ Kg8 38. Qh7# 1-0


[Site "https://www.chess.com"]

[Event "Titled Tuesday Blitz November 14 Early 2023"]
[White "Matveeva, Olga"]
[Black "Limontaite, Simona"]
[WhiteFideId "24107018"]
[BlackFideId "12802506"]
[WhiteElo "2374"]
[BlackElo "2238"]
[Result "1/2-1/2"]
[Round "6"]
[TimeControl "180+1"]
[Date "2023.11.14"]
[WhiteClock "0:00:42"]
[BlackClock "0:00:08"]
[Board "163"]

1. d4 e6 2. c4 Nf6 3. g3 Be7 4. Bg2 d5 5. Nf3 O-O 6. O-O c6 7. Qc2 Nbd7 8. Nbd2 b6 9. e4 dxe4 10. Nxe4 Bb7 11. Nxf6+ Nxf6 12. c5 Nd7 13. Rd1 Bf6 14. Be3 Re8 15. b4 a5 16. a3 axb4 17. axb4 Rxa1 18. Rxa1 bxc5 19. bxc5 Qc7 20. Ra7 Ra8 21. Qa4 Rxa7 22. Qxa7 Qb8 23. Qa5 Bd8 24. Qa4 Qa8 25. Qxa8 Bxa8 26. g4 Bc7 27. h4 Nf6 28. g5 Nd5 29. Nd2 Bb7 30. Bf1 f5 31. gxf6 gxf6 32. Kg2 e5 33. dxe5 Bxe5 34. Bc4 Kg7 35. Kf3 Nxe3 36. fxe3 f5 37. Bb3 Kf6 38. Nc4 Bc8 39. e4 h6 40. Bc2 Be6 41. Ne3 f4 42. Ng4+ Bxg4+ 43. Kxg4 Bd4 44. Kxf4 Bxc5 45. e5+ Ke7 46. Bb3 Bb4 47. Kf5 Bd2 48. h5 Bc1 1/2-1/2


[Site "https://www.chess.com"]

[Event "Titled Tuesday Blitz November 14 Early 2023"]
[White "Melikhov, Evgeny V."]
[Black "VitaliyChayka"]
[WhiteFideId "4122046"]
[WhiteElo "2372"]
[BlackElo "2233"]
[Result "1-0"]
[Round "6"]
[TimeControl "180+1"]
[Date "2023.11.14"]
[WhiteClock "0:00:04"]
[BlackClock "0:00:00"]
[Board "164"]

1. d4 d6 2. e4 Nf6 3. Bd3 e5 4. d5 c6 5. c4 cxd5 6. cxd5 Nbd7 7. Nc3 Nc5 8. Bc2 a5 9. Nf3 Be7 10. h3 O-O 11. O-O Bd7 12. a4 Qb6 13. Ra3 Rfc8 14. Qe2 Bd8 15. Re1 Na6 16. Nb5 Bxb5 17. axb5 Nb4 18. Ba4 Qa7 19. Rc3 Bb6 20. Be3 Bxe3 21. Qxe3 Qxe3 22. Rexe3 Nd7 23. Nd2 Nb6 24. Bd1 Na2 25. Ra3 Rc1 26. Re1 Nb4 27. Kf1 Kf8 28. Nb3 Rb1 29. Rxa5 Rxa5 30. Nxa5 Nd3 31. Nxb7 Nxe1 32. Kxe1 Nc4 33. b3 Nb2 34. Kd2 Nxd1 35. Kc2 Ra1 36. Nxd6 Ke7 37. Nc4 Nxf2 38. b6 f6 39. b7 Nxe4 40. b8=Q Ra2+ 41. Kd3 Nf2+ 42. Ke3 Nd1+ 43. Kf3 Rf2+ 44. Kg3 Kf7 45. d6 h5 46. d7 Kg6 47. Qe8+ Kh6 48. d8=Q h4+ 49. Kh2 1-0


[Site "https://www.chess.com"]

[Event "Titled Tuesday Blitz November 14 Early 2023"]
[White "Mejia, Cherry Ann"]
[Black "dumbernugget"]
[WhiteFideId "5206880"]
[WhiteElo "2354"]
[BlackElo "1992"]
[Result "1-0"]
[Round "6"]
[TimeControl "180+1"]
[Date "2023.11.14"]
[WhiteClock "0:02:30"]
[BlackClock "0:01:44"]
[Board "166"]

1. e4 c5 2. Nc3 d6 3. g3 g6 4. Bg2 Bg7 5. d3 Nc6 6. Be3 e6 7. Qd2 Nge7 8. Bh6 O-O 9. h4 d5 10. h5 dxe4 11. hxg6 fxg6 12. Bxg7 Kxg7 13. Qh6+ Kf7 14. Qxh7+ Ke8 15. Bxe4 Rf7 16. Qh8+ Rf8 17. Qg7 Nd4 18. O-O-O Rxf2 19. Rh8+ 1-0


[Site "https://www.chess.com"]

[Event "Titled Tuesday Blitz November 14 Early 2023"]
[White "Zavgorodniy, Sergiy"]
[Black "Babayeva, Nasrin"]
[WhiteFideId "14110148"]
[BlackFideId "13416626"]
[WhiteElo "2686"]
[BlackElo "1831"]
[Result "1-0"]
[Round "6"]
[TimeControl "180+1"]
[Date "2023.11.14"]
[WhiteClock "0:02:23"]
[BlackClock "0:00:06"]
[Board "167"]

1. d4 d5 2. c4 dxc4 3. e3 e6 4. Bxc4 Nf6 5. Nf3 c5 6. O-O a6 7. Qe2 b5 8. Bd3 Bb7 9. dxc5 Bxc5 10. Bxb5+ axb5 11. Qxb5+ Bc6 12. Qxc5 Ra5 13. Qd4 Rd5 14. Qc3 Rd1 15. Nbd2 Rxf1+ 16. Nxf1 Bxf3 17. gxf3 O-O 18. b3 Qd5 19. Kg2 Qg5+ 20. Ng3 h5 21. e4 Qg6 22. h4 Nbd7 23. Bb2 1-0


[Site "https://www.chess.com"]

[Event "Titled Tuesday Blitz November 14 Early 2023"]
[White "Borgaonkar Akshay"]
[Black "AnnaChessLook"]
[WhiteFideId "25639110"]
[WhiteElo "2625"]
[BlackElo "2247"]
[Result "1-0"]
[Round "6"]
[TimeControl "180+1"]
[Date "2023.11.14"]
[WhiteClock "0:01:44"]
[BlackClock "0:00:11"]
[Board "168"]

1. d4 Nf6 2. Nc3 d5 3. Bf4 g6 4. e3 Bg7 5. h4 h5 6. Nf3 Bg4 7. Be2 O-O 8. Qd2 c5 9. O-O-O Nc6 10. Ne5 Bxe2 11. Qxe2 Rc8 12. f3 cxd4 13. exd4 Nb4 14. a3 Nc6 15. g4 Qb6 16. g5 Nxd4 17. Qd3 Ne6 18. Be3 d4 19. gxf6 exf6 20. Nd7 Qd6 21. Nxf8 Rxf8 22. Bxd4 Nxd4 23. Qxd4 1-0


[Site "https://www.chess.com"]

[Event "Titled Tuesday Blitz November 14 Early 2023"]
[White "Shubenkova, Veronika"]
[Black "Sarkar, Justin"]
[WhiteFideId "44124040"]
[BlackFideId "2010011"]
[WhiteElo "2498"]
[BlackElo "2239"]
[Result "1-0"]
[Round "6"]
[TimeControl "180+1"]
[Date "2023.11.14"]
[WhiteClock "0:02:03"]
[BlackClock "0:00:00"]
[Board "170"]

1. c4 Nf6 2. Nc3 e6 3. a3 d5 4. cxd5 exd5 5. d4 Be7 6. e3 O-O 7. Nf3 a5 8. Bd3 b6 9. O-O Ba6 10. Bxa6 Nxa6 11. Qd3 c5 12. b3 Nc7 13. Bb2 Rc8 14. Rac1 Re8 15. Ne5 Bd6 16. f4 Ne4 17. Nxe4 dxe4 18. Qe2 Qe7 19. dxc5 Bxc5 20. Rc4 Nd5 21. f5 Nxe3 22. Rxc5 Qxc5 23. Nd7 Qc2 24. Qxe3 Qxb2 25. f6 h6 26. Qg3 g6 27. Qh3 1-0


[Site "https://www.chess.com"]

[Event "Titled Tuesday Blitz November 14 Early 2023"]
[White "Ramla2020"]
[Black "Akylbek2021"]
[WhiteElo "2445"]
[BlackElo "2236"]
[Result "1-0"]
[Round "6"]
[TimeControl "180+1"]
[Date "2023.11.14"]
[WhiteClock "0:00:44"]
[BlackClock "0:00:00"]
[Board "171"]

1. c4 Nf6 2. g3 g6 3. Bg2 Bg7 4. Nc3 c6 5. d4 d5 6. cxd5 cxd5 7. Nf3 Nc6 8. Ne5 O-O 9. Nxc6 bxc6 10. O-O Bf5 11. Na4 Nd7 12. Be3 e5 13. Rc1 Rc8 14. b3 Re8 15. dxe5 Qa5 16. Bd2 Qa6 17. f4 Bg4 18. Re1 f6 19. h3 Bf5 20. exf6 Nxf6 21. Bc3 Re3 22. Kh2 Rce8 23. Bf3 Be4 24. Be5 Nd7 25. Qd2 Nxe5 26. Qxe3 Bxf3 27. exf3 Ng4+ 28. hxg4 Rxe3 29. Rxe3 h5 30. gxh5 gxh5 31. Rce1 Kh7 32. Re7 Kg6 33. R1e6+ Bf6 34. Re2 Qd3 35. Nc5 Bxe7 36. Nxd3 Bd6 37. Kg2 c5 38. Re6+ 1-0


[Site "https://www.chess.com"]

[Event "Titled Tuesday Blitz November 14 Early 2023"]
[White "Kuchava, Ana"]
[Black "Balla, Tamas-Kristof"]
[WhiteFideId "13605348"]
[BlackFideId "1208497"]
[WhiteElo "2235"]
[BlackElo "2421"]
[Result "1-0"]
[Round "6"]
[TimeControl "180+1"]
[Date "2023.11.14"]
[WhiteClock "0:01:30"]
[BlackClock "0:00:15"]
[Board "172"]

1. d4 d5 2. Nf3 Nf6 3. c4 e6 4. Nc3 c5 5. cxd5 exd5 6. Bg5 Be6 7. e3 Nc6 8. Be2 Be7 9. O-O O-O 10. h3 h6 11. Bh4 c4 12. Ne5 Qc7 13. f4 a6 14. a4 Rab8 15. f5 Bd7 16. Bxf6 Bxf6 17. Nxd5 Qd6 18. Nxf6+ gxf6 19. Nxd7 Qxd7 20. Bxc4 Kh7 21. Qh5 Qe7 22. Rae1 Qe4 23. Rf4 Qc2 24. Rh4 Rh8 25. Qxh6+ Kg8 26. Qxh8# 1-0


[Site "https://www.chess.com"]

[Event "Titled Tuesday Blitz November 14 Early 2023"]
[White "Silvestre, Christian"]
[Black "Arnold, Ken"]
[WhiteFideId "30956269"]
[BlackFideId "2056836"]
[WhiteElo "2227"]
[BlackElo "2415"]
[Result "1-0"]
[Round "6"]
[TimeControl "180+1"]
[Date "2023.11.14"]
[WhiteClock "0:00:16"]
[BlackClock "0:00:25"]
[Board "173"]

1. e4 c6 2. g3 d5 3. Bg2 Nf6 4. exd5 Nxd5 5. Nf3 Bg4 6. O-O e6 7. c3 Be7 8. Qb3 Qb6 9. d4 Nd7 10. Nbd2 O-O 11. Nc4 Qxb3 12. axb3 Bxf3 13. Bxf3 N5b6 14. Na5 Rab8 15. Bf4 e5 16. dxe5 g5 17. Be3 Nxe5 18. Bg2 Rfd8 19. h3 Nd3 20. Ra2 Bc5 21. Bxg5 Re8 22. Bf3 f6 23. Bh6 Nd5 24. b4 Bb6 25. Nc4 Bc7 26. Rxa7 Be5 27. b5 cxb5 28. Bxd5+ Kh8 29. Nxe5 fxe5 30. Be4 Nxb2 31. Rxb7 Rxb7 32. Bxb7 Nc4 33. Bc6 1-0


[Site "https://www.chess.com"]

[Event "Titled Tuesday Blitz November 14 Early 2023"]
[White "Cueto, Jonny"]
[Black "Mayaud, Raphael"]
[WhiteFideId "3300145"]
[BlackFideId "627151"]
[WhiteElo "2224"]
[BlackElo "2407"]
[Result "0-1"]
[Round "6"]
[TimeControl "180+1"]
[Date "2023.11.14"]
[WhiteClock "0:00:00"]
[BlackClock "0:00:05"]
[Board "174"]

1. d4 Nf6 2. Bf4 d5 3. e3 c5 4. Nf3 Nc6 5. Nbd2 e6 6. c3 Nh5 7. Be5 f6 8. Ng5 fxg5 9. Qxh5+ g6 10. Qg4 Nxe5 11. dxe5 Bg7 12. Bb5+ Kf7 13. Nf3 h6 14. h4 Qb6 15. a4 a6 16. Bd3 Qxb2 17. Rb1 Qxc3+ 18. Ke2 c4 19. Nxg5+ hxg5 20. Qf3+ Ke7 21. Bxg6 Rf8 22. Qh5 Qxe5 23. hxg5 Bd7 24. Rxb7 Kd6 25. Rhb1 Bc6 26. R7b6 Kc5 27. f4 Qc3 28. Qf3 Ra7 29. f5 e5 30. Qg3 e4 31. Rb8 Be5 32. Qe1 Qxe1+ 33. Kxe1 Rxb8 34. Rd1 Rb2 35. f6 c3 36. f7 Bg7 37. Bh7 Bxa4 38. Rc1 c2 39. Kd2 Rb1 40. g4 Rxc1 41. Kxc1 Rb7 0-1


[Site "https://www.chess.com"]